 Dungeon Crawl Stone Soup version 0.28.0-43-g3370ac3207 (webtiles) character file.

Game seed: 350991582297196959

5 Peloso the Skirmisher (level 1, -2/20 HPs)
             Began as a Minotaur Fighter on Mar 6, 2022.
             Succumbed to a goblin's poison
             ... on level 1 of the Dungeon.
             The game lasted 00:00:26 (205 turns).

Peloso the Skirmisher (Minotaur Fighter)             Turns: 205, Time: 00:00:26

Health: -2/20      AC:  7    Str: 20    XL:     1   Next: 66%
Magic:  0/0        EV:  9    Int:  5    God:
Gold:   0          SH:  4    Dex:  9    Spells: 0/0 levels left

rFire   . . .      SeeInvis .   a - +0 long sword
rCold   . . .      Faith    .   c - +0 buckler
rNeg    . . .      Spirit   .   b - +0 scale mail
rPois   .          Reflect  .   (helmet restricted)
rElec   .          Harm     .   (no cloak)
rCorr   .          Rampage  .   (no gloves)
Will    .....                   (no boots)
Stlth   ..........              (no amulet)
HPRegen 0.06/turn               (no ring)
MPRegen 0.07/turn               (no ring)

@: lethally poisoned (-2 -> -14)
A: horns 2, retaliatory headbutt
a: no special abilities


You were on level 1 of the Dungeon.
You visited 1 branch of the dungeon, and saw 1 of its levels.

Inventory:

Hand Weapons
 a - a +0 long sword (weapon)
Armour
 b - a +0 scale mail (worn)
 c - a +0 buckler (worn)
Scrolls
 e - a scroll of teleportation {unknown}
 f - a scroll of immolation
 g - a scroll of identify {unknown}
Potions
 d - a potion of might


   Skills:
 + Level 3.8 Fighting
 + Level 2.4 Long Blades
 + Level 3.7 Armour
 + Level 3.7 Shields


You couldn't memorise any spells.
You didn't know any spells.
Your spell library was empty.

Dungeon Overview and Level Annotations

Branches:
Dungeon (1/15)

Altars:


Innate Abilities, Weirdness & Mutations

You have a pair of horns on your head.
You reflexively headbutt those who attack you in melee.


Message History

Found a stone staircase leading down.
An endoplasm comes into view.
The endoplasm quivers.
An endoplasm is nearby!
An endoplasm is nearby!
An endoplasm is nearby!
A ball python and a goblin come into view.
The ball python hisses angrily.
A goblin comes into view. It is wielding a +2 dagger of venom.
The goblin shouts!
Found a metallic brown potion.
The ball python bites you. The ball python closely misses you.
The goblin hits you but does no damage.
You are poisoned.
The goblin closely misses you. You furiously retaliate!
You headbutt the goblin. The endoplasm barely misses you.
An endoplasm comes into view.
You closely miss the ball python. You headbutt the ball python.
You kill the ball python!
You feel very sick.
The goblin hits you with a +2 dagger of venom.
You are lethally poisoned!
You block the goblin's attack. The endoplasm freezes you.
You are frozen.
You feel very sick. The goblin hits you but does no damage.
You are more poisoned.
* * * LOW HITPOINT WARNING * * *
You feel very sick.
Okay, then.
Unknown command.
You hit the goblin.
You kill the goblin!
* * * LOW HITPOINT WARNING * * *
You feel very sick. The goblin hits you but does no damage.
Unknown command.
You closely miss the goblin.
The goblin is severely wounded.
You die...

# #. ######## #.# ..>.....
#.# ######### ######## #.
#.# #........ ##########.#
#.# #........ ....... ....
#.###........ #######
#..##..@gJ.......
##########...#..##........
........##.#.#..##........
..(.....##.#....##...J....
........##.##...##........
..).....##.##...##........
........##......##.......!
...............>##....^...
....................


You could see 2 endoplasms and a goblin.

Vanquished Creatures
  A bat (D:1)
  An endoplasm (D:1)
  A goblin (D:1)
  A ball python (D:1)
  A rat (D:1)
5 creatures vanquished.

Notes
Turn   | Place    | Note
-------+----------+-------------------------------------------
     0 | D:1      | Peloso the Minotaur Fighter began the quest for the Orb.
     0 | D:1      | Reached XP level 1. HP: 19/19 MP: 0/0
    20 | D:1      | Found a faded altar of an unknown god.
   204 | D:1      | HP: 1/20 [poisoned by a goblin]
   205 | D:1      | Succumbed to a goblin's poison

Illustrated notes

Levels and vault maps discovered:
D:1:      lightli_arrival_statuegarden, layout_basic,
          hellmonk_ecumenical_altar_blasted, nrook_uturn

Action                   || total
-------------------------++-------
Melee: Long sword        ||    10
       Headbutt          ||     3
Armor: Scale mail        ||     8
Dodge: Dodged            ||     6
Block: Buckler           ||     5
